 Dungeon Crawl Stone Soup version 0.29.1-13-g9f3cf754e1 (webtiles) character file.

Game seed: 7482545337522875707

17 croobank the Conjurer (level 2, 0/20 HPs)
             Began as a Demonspawn Conjurer on Feb 7, 2023.
             Killed from afar by a dart slug (5 damage)
             ... with a slug dart
             ... on level 1 of the Dungeon.
             The game lasted 00:02:00 (960 turns).

croobank the Conjurer (Demonspawn Conjurer)          Turns: 960, Time: 00:02:01

Health: 0/20       AC:  2    Str:  7    XL:     2   Next: 44%
Magic:  0/5        EV: 12    Int: 19    God:
Gold:   28         SH:  0    Dex: 11    Spells: 2/5 levels left

rFire   . . .      SeeInvis .   e - +0 dagger
rCold   . . .      Faith    .   (no shield)
rNeg    . . .      Spirit   .   a - +0 robe
rPois   .          Reflect  .   (no helmet)
rElec   .          Harm     .   (no cloak)
rCorr   .          Rampage  .   (no gloves)
Will    .....                   (no boots)
Stlth   ++........              (no amulet)
HPRegen 0.06/turn               (no ring)
MPRegen 0.09/turn               (no ring)

@: no status effects
A: weakness stinger 1
a: no special abilities


You were on level 1 of the Dungeon.
You visited 1 branch of the dungeon, and saw 1 of its levels.

You collected 28 gold pieces.

Inventory:

Hand Weapons
 e - a +0 dagger (weapon)
Armour
 a - a +0 robe (worn)
Potions
 b - a potion of magic
 c - a potion of lignification {unknown}
 d - a potion of heal wounds {unknown}
 f - a potion of might {unknown}
 g - a potion of flight {unknown}
 h - a potion of brilliance {unknown}


   Skills:
 + Level 0.6 Fighting
 + Level 2.0 Dodging
 + Level 2.0 Stealth
 + Level 2.2 Spellcasting
 + Level 4.1 Conjurations


You had 2 spell levels left.
You knew the following spells:

 Your Spells              Type           Power      Damage    Failure   Level
a - Magic Dart            Conj           68%        1d6       3%          1
b - Searing Ray           Conj           34%        2d5       4%          2

Your spell library contained the following spells:

 Spells                   Type           Power      Damage    Failure   Level
 Dazzling Flash           Conj/Hex       18%        N/A       22%         3
 Fulminant Prism          Conj/Hex       4%         3d6       56%         4
 Iskenderun's Mystic Bla  Conj/Tloc      9%         2d4       56%         4


Dungeon Overview and Level Annotations

Branches:
Dungeon (1/15)

Altars:

Shops:
D:1 (


Innate Abilities, Weirdness & Mutations

You have a small tail.


Message History

You barely miss the goblin.
Your tail-slap misses the goblin.
The goblin barely misses you.
You hit the goblin but do no damage. The goblin hits you with a +0 club.
You hit the goblin.
The goblin is severely wounded.
The goblin hits you with a +0 club.
* * * LOW HITPOINT WARNING * * *
Casting: Searing Ray (safe; 4% risk of failure)
Confirm with . or Enter, or press ? or * to list all spells.
Aiming: Searing Ray (safe; 4% risk of failure)
Press: ? - help, Shift-Dir - straight line, f - dart slug
Aim: a dart slug (100% to hit)
The searing ray hits the goblin.
You kill the goblin!
The searing ray hits the goblin.
You kill the goblin!
The searing ray hits the dart slug.
The dart slug is lightly wounded. (Press . to maintain the ray.)
The dart slug launches a dart at you. The slug dart misses you.
A goblin comes into view. It is wielding a +0 dagger.
A goblin is nearby!
You start resting.
A dart slug is nearby!
You are too injured to fight recklessly!
Casting: Searing Ray (safe; 4% risk of failure)
Confirm with . or Enter, or press ? or * to list all spells.
You don't have enough magic to cast this spell.
Unknown command.
Casting: Searing Ray (safe; 4% risk of failure)
Confirm with . or Enter, or press ? or * to list all spells.
Aiming: Magic Dart (safe; 3% risk of failure)
Press: ? - help, Shift-Dir - straight line, f/p - dart slug
Aim: a dart slug (lightly wounded, 100% to hit)
The magic dart hits the dart slug.
The dart slug is severely wounded.
The dart slug launches a dart at you. The slug dart hits you.
You die...

.##...........#........
.......................
.............#.........
###.....####.#.........
#.###.## #.##........ #
#..# #...)....... ##.#
###########. ####w###
.. #.@..†.# ..K
#......# #... #.......#
#... .......#.# #...
....#####... #...
#...... ... .♣♣...# ###
P...# ♣gP♣.#


You could see a dart slug.

Vanquished Creatures
  2 ball pythons (D:1)
  An endoplasm (D:1)
  2 giant cockroaches (D:1)
  3 goblins (D:1)
  A hobgoblin (D:1)
  A jackal (D:1)
  5 kobolds (D:1)
  A rat (D:1)
16 creatures vanquished.

Notes
Turn   | Place    | Note
-------+----------+-------------------------------------------
     0 | D:1      | croobank the Demonspawn Conjurer began the quest for the
                  | Orb.
     0 | D:1      | Reached XP level 1. HP: 13/13 MP: 3/3
   659 | D:1      | Gained mutation: You have a small tail. [demonic ancestry]
   659 | D:1      | Reached XP level 2. HP: 20/20 MP: 0/5
   829 | D:1      | Learned a level 2 spell: Searing Ray
   912 | D:1      | Found Iggeec's Antique Weapon Shoppe.
   960 | D:1      | Killed from afar by a dart slug

Illustrated notes

Levels and vault maps discovered:
D:1:      lemuel_arrival_hallway, layout_basic, serial_shops, shop,
          ebering_ecumenical_altar_petrified

Skill      XL: |  1 |
---------------+----+-----
Stealth        | 2 |  2.0
Dodging        | 2 |  2.0
Fighting       | |  0.6
Spellcasting   | |  2.2
Conjurations   | |  4.1

Action                   || total
-------------------------++-------
Melee: Dagger            ||    35
       Unarmed           ||     3
       Tailslap          ||     1
 Cast: Magic Dart        ||    13
       Searing Ray       ||     5
 Stab: Sleeping          ||     1
Armor: Robe              ||     3
Dodge: Dodged            ||    25
